 Dungeon Crawl Stone Soup version 0.30-a0-263-ge22c4ad894 (webtiles) character file.

Game seed: 16825959005994719800

8 sscrono2 the Sneak (level 2, 0/21 HPs)
             Began as an Octopode Delver on Oct 13, 2022.
             Was an Initiate of Cheibriados.
             Succumbed to an orc wizard's poison
             ... on level 4 of the Dungeon.
             The game lasted 00:01:41 (402 turns).

sscrono2 the Sneak (Octopode Delver)                 Turns: 402, Time: 00:01:42

Health: 0/21       AC:  1    Str: 12    XL:     2   Next: 8%
Magic:  2/2        EV: 13    Int: 13    God:    Cheibriados [......]
Gold:   9          SH:  0    Dex: 14    Spells: 1/1 levels left

rFire   . . .      SeeInvis .      - Unarmed
rCold   . . .      Faith    .    (no shield)
rNeg    . . .      Spirit   .    (helmet restricted)
rPois   .          Reflect  .    (no amulet)
rElec   .          Harm     .    (no ring)
rCorr   .          Rampage  .    (no ring)
Will    .....                    (no ring)
Stlth   ++++......               (no ring)
HPRegen 0.23/turn                (no ring)
MPRegen 0.08/turn                (no ring)
                                 (no ring)
                                 (no ring)

@: lethally poisoned (0 -> -8), very slow
A: almost no armour, amphibious, 8 rings, camouflage 1, gelatinous body 1,
(nimble swimmer 1), tentacles
a: Renounce Religion


You were on level 4 of the Dungeon.
You worshipped Cheibriados.
Cheibriados was noncommittal.
You visited 2 branches of the dungeon, and saw 3 of its levels.

You collected 9 gold pieces.

Inventory:

Wands
 e - a wand of digging (3)
 g - a wand of mindburst (4)
Scrolls
 a - a scroll of fog
 b - a scroll of magic mapping
 f - a scroll of enchant weapon {unknown}
Potions
 d - a potion of haste


   Skills:
 - Level 3.0 Fighting
 - Level 2.0 Dodging
 - Level 6.6 Stealth
 * Level 2.5 Unarmed Combat
 + Level 0.8 Invocations


You had one spell level left.
You didn't know any spells.
Your spell library was empty.

Dungeon Overview and Level Annotations

Branches:
Dungeon (5/15)             Temple (1/1) D:5

Altars:
Cheibriados
Dithmenos
Elyvilon
Fedhas
Kikubaaqudgha
Okawaru
Qazlal
Trog
Uskayaw
Vehumet
Wu Jian
Xom
Zin


Innate Abilities, Weirdness & Mutations

You cannot wear most types of armour.
You are amphibious.
You can wear up to eight rings at the same time.
Your skin changes colour to match your surroundings (Stealth+).
Your rubbery body absorbs attacks. (AC +1, EV +1)
((You are camouflaged when in or above water. (Stealth+)))
You have tentacles for arms and can constrict up to eight enemies at once.


Message History

You barely miss the orc. You squeeze the orc.
You kill the orc!
Cheibriados appreciates the change of pace.
You barely miss something. Your squeeze misses something. Something hits you.
You are poisoned.
As you read the scroll of fear, it crumbles to dust.
You assume a fearsome visage.
The orc looks frightened! x2; You feel sick.
You miss something. Your squeeze misses something.
You feel sick.
You feel sick.
Things that are here:
a +0 falchion; a +0 club; an orc corpse You feel sick.
Cornered, the orc turns to fight!
You feel sick. The orc hits you with a +0 whip.
You closely miss the orc.
Your attack snaps the orc out of its fear.
You grab the orc. You squeeze the orc!
You kill the orc!
Cheibriados thoroughly appreciates the change of pace.
The orc barely misses you.
You have reached level 2!
Something barely misses you.
You feel sick.
There is a stone staircase leading up here.
You see here a +0 club.
You feel sick.
You climb upwards.
Reactivating autopickup.
Found a leather armour.
There is a stone staircase leading down here.
You open the door.
You feel sick.
You are no longer poisoned.
Something hits you.
* * * LOW HITPOINT WARNING * * *
You are lethally poisoned!
Deactivating autopickup; reactivate with Ctrl-A.
Unknown command.
* * * LOW HITPOINT WARNING * * *
You feel very sick.
There is an open door here.
Okay, then.
You die...

####
##..###+#
#...#...+
#...#...#
#...'@..#
##.>#####
#..# ...[J
........
...........
....##..####
#### #..#
#..+


There were no monsters in sight!

Vanquished Creatures
  4 orcs
4 creatures vanquished.

Notes
Turn   | Place    | Note
-------+----------+-------------------------------------------
     0 | D:5      | sscrono2 the Octopode Delver began the quest for the Orb.
     0 | D:5      | Reached XP level 1. HP: 16/16 MP: 1/1
    28 | D:5      | Found a staircase to the Ecumenical Temple.
    38 | D:5      | Noticed an orc priest
    40 | D:5      | Noticed an orc priest
    42 | Temple   | Entered the Ecumenical Temple
   266 | Temple   | Became a worshipper of Cheibriados the Contemplative
   381 | D:5      | Noticed an orc wizard
   397 | D:5      | Reached XP level 2. HP: 10/21 MP: 2/2
   402 | D:4      | Succumbed to an orc wizard's poison

Illustrated notes

Levels and vault maps discovered:
D:4:      layout_gridville, serial_shops, shop, kennysheep_generic_room_15,
          uniq_menkaure
D:5:      layout_basic, minmay_temple_entry_arrows, mrwooster_statue_mirror,
          minmay_misc_feat_roman, minmay_pentangle
Temple:   nicolae_temple_figure_eight

Action                   || total
-------------------------++-------
Melee: Unarmed           ||    12
       Constrict         ||     4
       Tentacles         ||     3
  Use: Scroll            ||     1
Dodge: Dodged            ||     6

Table legend: (Time is in decaauts)
 A = Elapsed time spent in this place.
 B = Non-inter-level travel time spent in this place.
 C = Inter-level travel time spent in this place.
 D = Time resting spent in this place.
 E = Time spent auto-exploring this place.
 F = Levels seen in this place.
 G = Mean time per level.
                   A        B        C        D        E       F      G
               +--------+--------+--------+--------+--------+-----+--------+
         Total |    415 |    361 |     54 |     63 |    229 |   3 |  138.3 |
       Dungeon |     93 |     91 |      2 |      0 |     34 |   2 |   46.5 |
        Temple |    322 |    270 |     52 |     63 |    195 |   1 |  322.0 |
               +--------+--------+--------+--------+--------+-----+--------+

Top non-repeatable levels by time:
  Temple: 322 daAuts
     D:5: 90 daAuts
     D:4: 3 daAuts
